 Dungeon Crawl Stone Soup version 0.29.0-4-gdea44cf6ec (webtiles) character file.

Game seed: 7084812820335928930

37 qw the Chopper (level 3, -5/21 HPs)
             Began as a Tengu Warper on Aug 28, 2022.
             Killed by an exploding rat (14 damage)
             ... ignited by their inner flame
             ... on level 1 of the Dungeon.
             The game lasted 00:00:06 (1392 turns).

qw the Chopper (Tengu Warper)                       Turns: 1392, Time: 00:00:07

Health: -5/21      AC: 10    Str: 13    XL:     3   Next: 39%
Magic:  7/7        EV:  3    Int: 13    God:
Gold:   74         SH:  0    Dex: 13    Spells: 6/6 levels left

rFire   . . .      SeeInvis .   Y - +0 hand axe
rCold   . . .      Faith    .   (no shield)
rNeg    . . .      Spirit   .   e - +0 plate armour
rPois   .          Reflect  .   (helmet restricted)
rElec   .          Harm     .   (no cloak)
rCorr   .          Rampage  .   (no gloves)
Will    .....                   (boots unavailable)
Stlth   ..........              (no amulet)
HPRegen 0.07/turn               (no ring)
MPRegen 0.10/turn               (no ring)

@: lethally poisoned (-5 -> -17)
A: beak, talons 3
a: no special abilities


You were on level 1 of the Dungeon.
You visited 1 branch of the dungeon, and saw 1 of its levels.

You collected 74 gold pieces.


Innate Abilities, Weirdness & Mutations

You have a beak for a mouth.
You have claws for feet.


   Skills:
 - Level 2.0 Fighting
 - Level 4.1 Axes
 - Level 1.0 Throwing
 + Level 1.1 Armour
 - Level 2.1 Dodging
 - Level 2.0 Spellcasting
 - Level 2.4 Translocations


You had 6 spell levels left.
You didn't know any spells.
Your spell library contained the following spells:

 Spells                   Type           Power      Damage    Failure   Level
 Blink                    Tloc           14%        N/A       100%        2
 Gell's Gravitas          Tloc           7%         N/A       100%        3
 Lesser Beckoning         Tloc           7%         N/A       100%        3
 Teleport Other           Tloc           7%         N/A       100%        3
 Manifold Assault         Tloc           7%         N/A       100%        5

Inventory:

Hand Weapons
 d - a +0 whip
 Y - a +0 hand axe (weapon)
Armour
 e - a +0 plate armour (worn)
Scrolls
 g - a scroll of identify
Potions
 j - a potion of curing {unknown}

Dungeon Overview and Level Annotations

Branches:
Dungeon (1/15)

Altars:


Message History

1386 ||| READING 2 scrolls labelled VUUMUB NAWEAG.
As you read the scroll labelled VUUMUB NAWEAG, it crumbles to dust.
It is a scroll of identify.
Really abort (and waste the scroll)?
Done exploring.
1387 ||| READING scroll labelled XATALEZILI.
As you read the scroll labelled XATALEZILI, it crumbles to dust.
The creatures around you are filled with an inner flame!
It was a scroll of immolation.
Done exploring.
1388 ||| READING scroll labelled FOILIW ZIONLOH.
The air fills with toxic fumes!
As you read the scroll labelled FOILIW ZIONLOH, it crumbles to dust.
It was a scroll of poison.
Done exploring.
1389 ||| DROPPING scroll of blinking.
You drop a scroll of blinking.
Done exploring.
(D) Dungeon
Where to? (* - list waypoints, ? - help)
What level of the Dungeon? (default 1, ? - help) Sorry, I don't know how to get there.
Done exploring.
1390 ||| Stepping randomly (stuck).
Really walk into that cloud of poison gas?
You are engulfed in poison gas.
You are lethally poisoned!
You feel very sick.
1391 ||| Stepping ~*~*~tactically~*~*~ (cloud).
You swap places.
You feel very sick.
Your rat is engulfed in poison gas.
Your rat is poisoned.
Flame seeps out of your rat.
There is a lethal amount of poison in your body!
You feel very sick.
Your rat's corpse dissolves into shadows!
Your rat explodes!
The fiery explosion engulfs you!
Ouch! That really hurt!
You die...

#..#### ##.....##
#¤¤##¤¤¤########
#¤8¤¤¤¤¤¤¤.8..\#
#¤¤¤¤¤¤¤¤¤%....####
#¤¤¤¤¤¤¤¤¤.........
#¤¤¤¤8¤¤¤¤......###
#¤¤¤¤¤¤¤¤¤........#
#¤@¤¤¤¤¤¤¤......#.#
#¤¤b.¤¤¤8¤....7.#..
#¤¤S¤¤¤¤¤¤.........
#¤¤¤¤¤¤¤¤¤...%..###
#¤¤¤¤8¤¤¤¤.\..7##
#¤¤¤¤¤¤¤¤¤.....# #
##¤¤¤¤¤¤¤¤.....# ##
#8¤¤8¤¤8¤.8..\###.
#####.#.#....###..


You could see a friendly bat (summoned, inner flame) and a friendly ball python
(summoned, inner flame).

Vanquished Creatures
  2 dart slugs (D:1)
  2 endoplasms (D:1)
  A giant cockroach (D:1)
  4 hobgoblins (D:1)
  4 quokkas (D:1)
  3 ball pythons (D:1)
  8 bats (D:1)
  3 frilled lizards (D:1)
  A kobold (D:1)
  5 rats (D:1)
33 creatures vanquished.

Vanquished Creatures (others)
  A plant (D:1)
1 creature vanquished.

Grand Total: 34 creatures vanquished

Notes
Turn   | Place    | Note
-------+----------+-------------------------------------------
     0 | D:1      | qw the Tengu Warper began the quest for the Orb.
     0 | D:1      | Reached XP level 1. HP: 12/12 MP: 4/4
     0 | D:1      | 0 ||| qw: Version: 0.1-a-89-g26bdef1
     0 | D:1      | 0 ||| qw: Game counter: 2149
     0 | D:1      | 0 ||| qw: Always use a shield: true
     0 | D:1      | 0 ||| qw: God list: Okawaru
     0 | D:1      | 0 ||| qw: Allow faded altars: false
     0 | D:1      | 0 ||| qw: Do Orc after D:15 true
     0 | D:1      | 0 ||| qw: Do second Lair branch before Depths: true
     0 | D:1      | 0 ||| qw: Lair rune preference: random
     0 | D:1      | 0 ||| qw: Plans: Normal
     0 | D:1      | 0 ||| PLANNING D:1-11
   226 | D:1      | Reached XP level 2. HP: 15/17 MP: 6/6
   231 | D:1      | Reached skill level 3 in Axes
   597 | D:1      | 597 ||| Stepping ~*~*~tactically~*~*~ (hiding).
   632 | D:1      | Reached XP level 3. HP: 21/21 MP: 7/7
  1057 | D:1      | Reached skill level 4 in Axes
  1286 | D:1      | Found a faded altar of an unknown god.
  1374 | D:1      | 1374 ||| UPGRADING to +0 plate armour.
  1384 | D:1      | 1384 ||| DROPPING +0 leather armour.
  1385 | D:1      | 1385 ||| READING scroll labelled YCANIUK YDOMUNG.
  1386 | D:1      | 1386 ||| READING 2 scrolls labelled VUUMUB NAWEAG.
  1387 | D:1      | 1387 ||| READING scroll labelled XATALEZILI.
  1388 | D:1      | 1388 ||| READING scroll labelled FOILIW ZIONLOH.
  1389 | D:1      | 1389 ||| DROPPING scroll of blinking.
  1390 | D:1      | 1390 ||| Stepping randomly (stuck).
  1391 | D:1      | 1391 ||| Stepping ~*~*~tactically~*~*~ (cloud).
  1392 | D:1      | Killed by an exploding rat... ignited by their inner flame

Levels and vault maps discovered:
D:1:      eino_arrival_water_star, layout_loops_corners,
          hellmonk_ecumenical_altar_arch_garden, serial_bayou_pond_b,
          amcnicky_mini_corridor_feature

Skill      XL: |  1  2  3 |
---------------+----------+-----
Axes           | 3 4 |  4.1
Fighting       | |  2.0
Throwing       | |  1.0
Armour         | |  1.1
Dodging        | |  2.1
Spellcasting   | |  2.0
Translocations | |  2.4

Action                   || total
-------------------------++-------
Melee: Hand axe          ||    68
       Kick              ||    16
       Peck              ||     6
       Punch             ||     1
Throw: Boomerang         ||     7
  Use: Scroll            ||     4
Armor: Leather armour    ||    22
Dodge: Dodged            ||    36

Table legend:
 A = Non-vault XP
 B = Vault XP
 C = Vault XP percentage of total XP
 D = Non-vault monster count
 E = Vault monster count
 F = Vault count percentage of total count
                 A         B        C        D         E       F
            +---------+---------+-------+---------+---------+-------
      Total |      44 |       9 |  17.0 |      27 |       6 |  18.2
            +---------+---------+-------+---------+---------+-------
        D:1 |      44 |       9 |  17.0 |      27 |       6 |  18.2
            +---------+---------+-------+---------+---------+-------
